Map: Stargazers

Players

HuanSA

  • Race: Protoss Protoss
  • League: Diamond
  • Spawn Location: 1:00

taylorham - Winner!

  • Race: Zerg Zerg
  • League: Diamond
  • Spawn Location: 11:00

VOD

Have the link to the VOD?

Description

Time

  • Played on: Dec. 22, 2022, 4:54 p.m.
  • Length: 4:34
Show
View Real Time Build Order
Export as new Build Order

HuanSA Protoss 

Build Orders: 1 Gate Expand 

Get SALT Encoding   

  12  0:00  Probe  
  13  0:12  Probe  
  14  0:20  Pylon  
  14  0:24  Probe  
  15  0:38  Probe  
  15  0:40  Gateway  
  16  0:50  Probe  
  17  1:02  Probe  
  18  1:20  Nexus  
  18  1:27  Assimilator  
  18  1:35  Cybernetics Core  
  18  1:38  Probe  
  19  1:44  Assimilator  
  19  1:52  Probe  
  20  2:04  Probe  
  21  2:10  Adept (Chrono Boost)  
  21  2:11  Warp Gate (Chrono Boost)  
  21  2:14  Pylon  
  23  2:32  Probe  
  23  2:33  Adept  
  23  2:36  Gateway  
  26  2:38  Probe  
  27  2:44  Probe  
  28  2:56  Probe, Pylon  
  29  3:03  Shield Battery  
  29  3:04  Gateway  
  27  3:15  Adept  
  27  3:16  Pylon  
  29  3:22  Pylon  
  29  3:25  Probe, Adept  
  30  3:35  Shield Battery  
  30  3:37  Shield Battery  
  30  3:42  Shield Battery  
  30  3:48  Probe  
  31  3:54  Pylon  
  31  3:55  Adept  
  9  4:09  Adept  
Show
View Real Time Build Order
Export as new Build Order

taylorham Zerg - Winner!

Build Orders: Hatch First 

Get SALT Encoding   

  12  0:00  Drone  
  13  0:13  Overlord  
  13  0:19  Drone  
  14  0:34  Drone x2  
  16  0:53  Drone  
  16  0:55  Hatchery  
  16  1:00  Drone  
  16  1:03  Drone  
  18  1:14  Extractor  
  18  1:17  Spawning Pool  
  16  1:18  Drone  
  16  1:22  Drone  
  18  1:29  Drone  
  19  1:43  Overlord  
  19  2:05  Queen  
  21  2:09  Queen  
  21  2:13  Zergling x2  
  24  2:20  Metabolic Boost  
  24  2:22  Zergling x4  
  26  2:23  Zergling x4  
  28  2:35  Zergling x2  
  28  2:36  Baneling Nest, Zergling x2  
  29  2:45  Overlord  
  29  2:47  Queen  
  31  3:10  Zergling x10  
  35  3:20  Baneling x5  
  35  3:21  Zergling x2  
  35  3:22  Zergling x2  
  35  3:35  Zergling x6  
  35  4:05  Zergling x2  
  35  4:06  Zergling x10  
Tags
 
Add a new tag
Caveats
  • Supply blocks, unpowered buildings, or Contaminate may cause inaccurate times.
  • Supply counts are checked every 10 seconds.